 Dungeon Sprint DCSS version 0.17.2-1-ge4368a0 (webtiles) character file.

4946 mopl the Unseen (level 10, -2/56 HPs)
             Began as a Spriggan Assassin on Aug 23, 2016.
             Was the Champion of Trog.
             Slain by a small abomination (23 damage)
             ... in the Dungeon (Sprint VII: "The Pits").
             The game lasted 00:06:23 (1760 turns).

mopl the Unseen (Spriggan Assassin)                 Turns: 1760, Time: 00:06:23

Health: -2/56      AC:  6    Str: 10    XL:     10   Next: 28%
Magic:  11/11      EV: 24    Int: 12    God:    Trog [******]
Gold:   0          SH:  0    Dex: 22    Spells: 0 memorised, 9 levels left

rFire  . . .     SeeInvis +     a - +2 dagger (venom)
rCold  . . .     Clarity  .     c - +0 robe
rNeg   . . .     SustAt   .     (shield restricted)
rPois  .         Gourm    .     (helmet restricted)
rElec  .         Spirit   .     d - +0 cloak
rCorr  .         Warding  .     (gloves unavailable)
rMut   .         NoTele   +     (boots unavailable)
MR     +....                    (no amulet)
Stlth  +++++++++.               B - +3 ring of strength
                                y - +3 ring of protection

@: very quick, somewhat resistant to hostile enchantments, incredibly stealthy
A: unfitting armour, see invisible, herbivore 3, speed 3, slow metabolism 2
a: Berserk, Trog's Hand, Brothers in Arms, Burn Spellbooks, Renounce Religion


You were in the Dungeon.
You worshipped Trog.
Trog was exalted by your worship.
You were full.

You visited 1 branch

Inventory:

Hand Weapons
 a - a +2 dagger of venom (weapon)
 b - a +0 blowgun
 t - a +1 long sword of holy wrath
 A - a +2 rapier of flaming
Missiles
 e - 8 poisoned needles
 f - a curare-tipped needle
 s - 5 tomahawks (quivered)
 u - 14 needles of sleeping
 v - 2 throwing nets
 w - 6 silver tomahawks
 x - 2 tomahawks of dispersal
 C - 5 needles of confusion
Armour
 c - a +0 robe (worn)
 d - a +0 cloak (worn)
Jewellery
 y - a +3 ring of protection (left hand)
 B - a +3 ring of strength (right hand)
Scrolls
 m - a scroll of blinking
 p - 3 scrolls of remove curse
 q - a scroll of summoning
 r - 2 scrolls of vulnerability
Potions
 h - 7 potions of curing
 i - 9 potions of heal wounds
 j - 3 potions of haste
 k - 4 potions of magic
 l - 2 potions of berserk rage {!q}
 o - a potion of invisibility
 z - 2 potions of brilliance
Comestibles
 g - 7 bread rations
 n - 40 fruits


   Skills:
 + Level 7.9 Fighting
 + Level 10.2 Short Blades
 * Level 15.3 Throwing
 + Level 6.6 Dodging
 + Level 19.1 Stealth


You had 9 spell levels left.
You didn't know any spells.

Dungeon Overview and Level Annotations

Branches:
Dungeon (1/1)

Altars:
Ashenzari
Cheibriados
Dithmenos
Elyvilon
Fedhas
Gozag
Kikubaaqudgha
Makhleb
Nemelex Xobeh
Okawaru
Qazlal
Ru
Sif Muna
Trog
Vehumet
Xom
Yredelemnul
Zin
The Shining One
Beogh
Jiyva
Lugonu

Annotations:
D Menkaure


Innate Abilities, Weirdness & Mutations

You are tiny and cannot use many weapons and most armour.
You have supernaturally acute eyesight.
You are a herbivore.
You cover ground extremely quickly.
You need consume almost no food.


Message History

Something appears at your feet! Trog grants you a gift!
The small abomination barely misses you.
Your +2 dagger of venom stops dripping with poison.
b - a +0 blowgun (weapon)
Firing (i - inventory. (,) - cycle):
u - 16 needles of sleeping (quivered)
Press: ? - help, Shift-Dir - straight line, f - small abomination
Aim: a small abomination You shoot a needle of sleeping.
The needle of sleeping hits the small abomination!
The small abomination is unaffected.
The small abomination hits you.
Firing (i - inventory. (,) - cycle):
u - 15 needles of sleeping (quivered)
Press: ? - help, Shift-Dir - straight line, f - yaktaur, p - small abomination
Aim: a yaktaur You shoot a needle of sleeping.
The needle of sleeping hits the yaktaur.
It begins to drip with poison!
a - a +2 dagger of venom (weapon)
The small abomination hits you!!
You die...

#########################
................@x(......
...........(.....c)......
############++###########


You could see a yaktaur (sleeping) and a small abomination.

Vanquished Creatures
  An apis (D)
  Pikel (D)
  An orc knight (D)
  A rust devil (D)
  2 yaktaurs (D)
  A komodo dragon (D)
  A fire bat (D)
  A hungry ghost (D)
  Grum (D)
  4 wolves (D)
  A soldier ant (D)
  A warg (D)
  An orc warrior (D)
  2 slaves (D)
  A phantom (D)
  A centaur (D)
  A wasp (D)
  A giant frog (D)
  2 brain worms (D)
  A gnoll sergeant (D)
  A killer bee (D)
  2 orc priests (D)
  3 orc wizards (D)
  6 gnolls (D)
  A river rat (D)
  An ufetubus (D)
  2 giant eyeballs (D)
  5 orcs (D)
  A kobold (D)
  A quokka (D)
  A goblin (D)
50 creatures vanquished.

Notes
Turn   | Place    | Note
--------------------------------------------------------------
     0 | D        | mopl the Spriggan Assassin began the quest for the Orb.
     0 | D        | Reached XP level 1. HP: 10/10 MP: 2/2
    11 | D        | Reached skill level 3 in Throwing
    11 | D        | Reached skill level 6 in Stealth
    19 | D        | Found a sacrificial altar of Ru.
    19 | D        | Found a basalt altar of Yredelemnul.
    19 | D        | Found a shadowy altar of Dithmenos.
    19 | D        | Found a deep blue altar of Sif Muna.
    19 | D        | Found a burning altar of Makhleb.
    19 | D        | Found a shimmering altar of Xom.
    19 | D        | Found an ancient bone altar of Kikubaaqudgha.
    19 | D        | Found a sparkling altar of Nemelex Xobeh.
    20 | D        | Found a glowing golden altar of the Shining One.
    20 | D        | Found a bloodstained altar of Trog.
    20 | D        | Found a shattered altar of Ashenzari.
    20 | D        | Found a white marble altar of Elyvilon.
    20 | D        | Found a snail-covered altar of Cheibriados.
    20 | D        | Found a blossoming altar of Fedhas.
    20 | D        | Found a radiant altar of Vehumet.
    20 | D        | Found a glowing silver altar of Zin.
    20 | D        | Found a corrupted altar of Lugonu.
    20 | D        | Found a viscous altar of Jiyva.
    20 | D        | Found a roughly hewn altar of Beogh.
    20 | D        | Found an iron altar of Okawaru.
    23 | D        | Became a worshipper of Trog the Wrathful
    26 | D        | Found a stormy altar of Qazlal.
    26 | D        | Found an opulent altar of Gozag.
    56 | D        | Reached skill level 7 in Stealth
    61 | D        | Noticed a brain worm
    62 | D        | Reached * piety under Trog
    62 | D        | Reached XP level 2. HP: 14/14 MP: 3/3
    65 | D        | Killed a brain worm
    65 | D        | Reached skill level 6 in Throwing
    65 | D        | Reached skill level 10 in Stealth
    65 | D        | Reached XP level 3. HP: 18/18 MP: 4/4
    65 | D        | Reached XP level 4. HP: 22/22 MP: 5/5
    78 | D        | Reached ** piety under Trog
    82 | D        | Reached skill level 11 in Stealth
    83 | D        | Paralysed by a giant eyeball for 4 turns
   246 | D        | Noticed a phantom
   246 | D        | Noticed a warg
   246 | D        | Noticed a fire bat
   247 | D        | Noticed a gnoll sergeant
   248 | D        | Noticed a brain worm
   257 | D        | Reached *** piety under Trog
   268 | D        | Killed a warg
   268 | D        | Reached skill level 8 in Throwing
   268 | D        | Reached skill level 13 in Stealth
   268 | D        | Reached XP level 5. HP: 23/25 MP: 6/6
   269 | D        | Killed a gnoll sergeant
   269 | D        | Reached skill level 9 in Throwing
   269 | D        | Reached skill level 14 in Stealth
   269 | D        | Reached XP level 6. HP: 27/30 MP: 7/7
   271 | D        | Reached **** piety under Trog
   274 | D        | Killed a brain worm
   274 | D        | Received a gift from Trog
   274 | D        | Reached skill level 15 in Stealth
   279 | D        | Received a gift from Trog
   280 | D        | Reached skill level 10 in Throwing
   290 | D        | Killed a phantom
   290 | D        | Reached skill level 2 in Fighting
   290 | D        | Reached skill level 3 in Short Blades
   521 | D        | HP: 1/32 [fire bat (8)]
   532 | D        | Killed a fire bat
   532 | D        | Reached skill level 3 in Fighting
   532 | D        | Reached skill level 4 in Short Blades
   532 | D        | Reached XP level 7. HP: 36/36 MP: 8/8
   565 | D        | Received a gift from Trog
   577 | D        | Noticed a hungry ghost
   579 | D        | Killed a hungry ghost
   579 | D        | Reached skill level 5 in Short Blades
   579 | D        | Reached skill level 11 in Throwing
   579 | D        | Reached skill level 16 in Stealth
   580 | D        | Noticed a wolf
   588 | D        | Killed a wolf
   588 | D        | Reached skill level 4 in Fighting
   788 | D        | Noticed an orc warrior
   788 | D        | Noticed an orc wizard
   788 | D        | Noticed an orc wizard
   790 | D        | Received a gift from Trog
   790 | D        | Reached ***** piety under Trog
   793 | D        | Killed an orc wizard
   795 | D        | Killed an orc wizard
   796 | D        | Killed an orc warrior
   796 | D        | Reached skill level 6 in Short Blades
   796 | D        | Reached XP level 8. HP: 40/42 MP: 9/9
   804 | D        | Noticed Pikel
   804 | D        | Noticed a slave
   804 | D        | Noticed a slave
   804 | D        | Noticed an orc knight
   804 | D        | Noticed an orc priest
   804 | D        | Noticed an orc priest
   804 | D        | Noticed a wolf
   804 | D        | Noticed a wolf
   805 | D        | Noticed a slave
   805 | D        | Noticed a slave
   805 | D        | Noticed an orc wizard
   805 | D        | Noticed Grum
   805 | D        | Noticed a wolf
   922 | D        | Killed an orc priest
   922 | D        | Received a gift from Trog
   938 | D        | Killed an orc priest
   938 | D        | Reached skill level 12 in Throwing
   948 | D        | Killed an orc wizard
   964 | D        | Killed an orc knight
   964 | D        | Received a gift from Trog
   964 | D        | Reached skill level 5 in Fighting
   964 | D        | Reached skill level 7 in Short Blades
   964 | D        | Reached skill level 17 in Stealth
  1159 | D        | Killed a wolf
  1198 | D        | Killed a wolf
  1198 | D        | Reached skill level 13 in Throwing
  1217 | D        | Killed Grum
  1222 | D        | Killed a wolf
  1222 | D        | Received a gift from Trog
  1222 | D        | Reached skill level 6 in Fighting
  1222 | D        | Reached skill level 8 in Short Blades
  1222 | D        | Reached XP level 9. HP: 48/48 MP: 10/10
  1266 | D        | Killed a slave
  1298 | D        | Killed Pikel
  1298 | D        | Reached skill level 18 in Stealth
  1428 | D        | Killed a freed slave
  1506 | D        | Noticed a killer bee
  1512 | D        | Killed a killer bee
  1512 | D        | Received a gift from Trog
  1514 | D        | Noticed a killer bee
  1514 | D        | Noticed a killer bee
  1514 | D        | Noticed a killer bee
  1514 | D        | Noticed a killer bee
  1514 | D        | Noticed a killer bee
  1514 | D        | Noticed Menkaure
  1514 | D        | Noticed a guardian mummy
  1631 | D        | Noticed a komodo dragon
  1632 | D        | Killed a komodo dragon
  1632 | D        | Reached skill level 9 in Short Blades
  1632 | D        | Reached skill level 14 in Throwing
  1633 | D        | Noticed a centaur
  1634 | D        | Killed a centaur
  1634 | D        | Reached ****** piety under Trog
  1634 | D        | Received a gift from Trog
  1648 | D        | Noticed a soldier ant
  1648 | D        | Noticed an apis
  1648 | D        | Noticed a wasp
  1649 | D        | Killed a wasp
  1649 | D        | Reached skill level 2 in Dodging
  1656 | D        | Killed an apis
  1656 | D        | Reached skill level 7 in Fighting
  1656 | D        | Reached skill level 4 in Dodging
  1656 | D        | Reached XP level 10. HP: 53/55 MP: 11/11
  1662 | D        | Killed a soldier ant
  1662 | D        | Reached skill level 5 in Dodging
  1665 | D        | Noticed a giant frog
  1667 | D        | Noticed a rust devil
  1690 | D        | Killed a giant frog
  1705 | D        | Killed a rust devil
  1705 | D        | Reached skill level 10 in Short Blades
  1705 | D        | Reached skill level 15 in Throwing
  1705 | D        | Reached skill level 19 in Stealth
  1737 | D        | Noticed a yaktaur
  1740 | D        | Noticed a yaktaur
  1741 | D        | Noticed a yaktaur
  1742 | D        | Noticed a small abomination
  1748 | D        | Killed a yaktaur
  1748 | D        | Reached skill level 6 in Dodging
  1755 | D        | Killed a yaktaur
  1755 | D        | Received a gift from Trog
  1760 | D        | Slain by a small abomination

Action                   |  1- 3 |  4- 6 |  7- 9 | 10-12 || total
-------------------------+-------+-------+-------+-------++-------
Melee: Dagger            |     5 |    47 |    59 |    15 ||   126
 Fire: Blowgun           |       |     3 |    20 |     6 ||    29
Throw: Tomahawk          |       |     2 |       |     5 ||     7
       Throwing net      |       |       |       |     1 ||     1
Invok: Berserk           |       |     1 |       |       ||     1
  Use: Potion            |       |     5 |       |       ||     5
 Stab: Sleeping          |     5 |     1 |    18 |     3 ||    27
       Invisible         |       |     4 |       |       ||     4
       Held in net/web   |       |     1 |       |     1 ||     2
       Distracted        |       |       |     1 |       ||     1
  Eat: Bread ration      |       |       |     1 |       ||     1
